 Dungeon Crawl Stone Soup version 0.30-a0-778-g2ef04afb54 (webtiles) character file.

Game seed: 2147633661468619490

223 DEFE the Vexing (level 5, 0/38 HPs)
             Began as a Demonspawn Wanderer on Feb 15, 2023.
             Killed from afar by a white imp (9 damage)
             ... with a puff of frost
             ... summoned by Natasha
             ... on level 2 of the Dungeon.
             The game lasted 00:02:14 (1758 turns).

DEFE the Vexing (Demonspawn Wanderer)               Turns: 1758, Time: 00:02:15

Health: 0/38       AC:  8    Str: 24    XL:     5   Next: 66%
Magic:  6/8        EV:  7    Int: 12    God:
Gold:   106        SH:  0    Dex:  8    Spells: 8/9 levels left

rFire   . . .      SeeInvis .    a - +0 spear
rCold   . . .      Faith    .    (no shield)
rNeg    + . .      Spirit   .    p - +0 chain mail
rPois   +          Reflect  .    (helmet restricted)
rElec   .          Harm     .    (no cloak)
rCorr   .          Rampage  .    (no gloves)
Will    .....                    (no boots) Stlth
                                 (no amulet)
HPRegen 0.26/turn                m - ring of positive energy
MPRegen 0.11/turn                o - ring of Xisopur {rPois Str+6 Int-2}

@: on berserk cooldown, slowed, very slow
A: horns 2, foul stench 1
a: no special abilities


You were on level 2 of the Dungeon.
You visited 1 branch of the dungeon, and saw 3 of its levels.

You collected 106 gold pieces.

Inventory:

Hand Weapons
 a - a +0 spear (weapon)
 c - a +0 dagger
Missiles
 b - 9 poisoned darts (quivered)
Armour
 e - a +0 leather armour
 l - a +0 ring mail
 p - a +0 chain mail (worn)
Jewellery
 m - a ring of positive energy (left hand)
 o - the ring of Xisopur (right hand) {rPois Str+6 Int-2}
   (You found it on level 2 of the Dungeon)

   [ring of poison resistance]

   Str:       It affects your strength (+6).
   Int:       It affects your intelligence (-2).
   rPois:     It protects you from poison.
Scrolls
 d - a scroll of fog
 f - 2 scrolls of immolation {unknown}
 g - a scroll of torment {unknown}
 h - 2 scrolls of identify {unknown}
 i - 2 scrolls of amnesia {unknown}
 j - a scroll of magic mapping {unknown}
 k - 2 scrolls of poison {unknown}
 q - a scroll of enchant weapon {unknown}
Potions
 r - a potion of ambrosia {unknown}


   Skills:
 - Level 2.0 Fighting
 + Level 2.6 Polearms
 + Level 2.6 Throwing
 + Level 2.6 Spellcasting
 + Level 5.7 Hexes


You had 8 spell levels left.
You knew the following spells:

 Your Spells              Type           Power      Damage    Failure   Level
a - Slow                  Hex            60%        N/A       22%         1

Your spell library contained the following spells:

 Spells                   Type           Power      Damage    Failure   Level
 Tukima's Dance           Hex            15%        N/A       54%         3
 Foxfire                  Conj/Fire      4%         2x1d4     92%         1
 Cigotuvi's Dreadful Rot  Necr/Pois/Air  2%         N/A       98%         2
 Poisonous Vapours        Pois/Air       2%         N/A       98%         2
 Mephitic Cloud           Conj/Pois/Air  1%         N/A       100%        3
 Anguish                  Hex/Necr       4%         N/A       100%        4
 Fireball                 Conj/Fire      0%         3d3       100%        5
 Starburst                Conj/Fire      0%         6d3       100%        6


Dungeon Overview and Level Annotations

Branches:
Dungeon (3/15)

Altars:

Annotations:
D:2 Natasha


Innate Abilities, Weirdness & Mutations

You have a pair of horns on your head.
You may rarely emit foul miasma when damaged in melee.


Message History

You feel clever.
You have reached level 5!
Your demonic ancestry asserts itself...
The horns on your head grow some more.
You regained 13 hp, and now have 44/57 hp.
Unknown command.
Unknown command.
You feel a strong urge to attack something.
You start resting.
You feel your anger nearly subside.
You are no longer berserk.
You are exhausted.
You feel yourself slow down.
You now have 30/38 hp.
You start resting.
Natasha is nearby!
Natasha is nearby!
Unknown command.
Unknown command.
Natasha growls.
Natasha mumbles some strange words.
Unknown command.
You barely miss Natasha. Natasha claws you but does no damage.
The white imp gestures at you. The puff of frost hits you.
You take 3 damage, and have 28/38 hp.
Unknown command.
You closely miss Natasha.
Natasha stares at you and mumbles some strange words.
You feel as though you will be slow longer.
The white imp hits you. The white imp freezes you.
Unknown command.
You take 6 damage, and have 22/38 hp.
You hit Natasha. Your headbutt misses Natasha. Natasha claws you.
You emit a cloud of foul miasma!
The white imp hits you. The white imp freezes you.
Natasha is engulfed in dark miasma.
Natasha is poisoned.
Natasha claws you.
* * * LOW HITPOINT WARNING * * *
The white imp gestures at you. The puff of frost hits you!
You die...

#..###.......... .#####
#......).......## ## #####...
#..###.###.###.. .#.......##+##
#..#...#.#.#.#.####'#'###........
#..###.#.#.#.#...................
#...................<...h........
...............(..........#......
...#.#.###.#.#............#......
...#.#.. #.#.#†5@....(....#......
. ###.# #.###).h.........#......
... .................#...... ...
.................#......
##.#.#.###............#.....< # #
#............#......
#.#....>.......#......
...............#......
###............#......


You could see Natasha (poisoned) and a white imp (summoned).

Vanquished Creatures
  Sigmund (D:2)
  3 adders
  2 dart slugs
  An orc (D:2)
  2 ball pythons
  3 endoplasms
  2 giant cockroaches (D:2)
  3 goblins
  4 hobgoblins
  A quokka (D:1)
  4 bats
  4 frilled lizards
  2 kobolds (D:2)
  2 rats (D:2)
34 creatures vanquished.

Notes
Turn   | Place    | Note
-------+----------+-------------------------------------------
     0 | D:1      | DEFE the Demonspawn Wanderer began the quest for the Orb.
     0 | D:1      | DEFE set off with the following items: a +0 spear, 9
                  | poisoned darts, a +0 dagger, a scroll of fog, a +0 leather
                  | armour; and the following spell memorised: Slow; and the
                  | following spells available to memorise: Tukima's Dance,
                  | Anguish.
     0 | D:1      | Reached XP level 1. HP: 16/16 MP: 2/2
    19 | D:1      | You fall into a shaft and drop 1 floor!
   164 | D:2      | Gained mutation: You may rarely emit foul miasma when
                  | damaged in melee. [demonic ancestry]
   164 | D:2      | Reached XP level 2. HP: 22/22 MP: 3/3
   719 | D:2      | Noticed Sigmund
   719 | D:2      | Noticed Natasha
   847 | D:1      | Gained mutation: You have a pair of small horns on your
                  | head. [demonic ancestry]
   847 | D:1      | Reached XP level 3. HP: 22/27 MP: 5/5
  1467 | D:2      | Identified the ring of Xisopur {rPois Str+6 Int-2}
  1747 | D:2      | Killed Sigmund
  1748 | D:2      | Reached XP level 4. HP: 33/33 MP: 5/7
  1748 | D:2      | Gained mutation: You have a pair of horns on your head.
                  | [demonic ancestry]
  1748 | D:2      | Reached XP level 5. HP: 38/38 MP: 5/8
  1758 | D:2      | Killed from afar by a white imp

Illustrated notes

Levels and vault maps discovered:
D:1:      amcnicky_arrival_abandoned_market, layout_loops_ring
D:2:      wad_river_or_something, layout_basic, kennysheep_nub,
          minmay_misc_feat_nine_boxes, uniq_sigmund, uniq_natasha
D:3:      layout_basic

Skill      XL: |  1  2  3 |
---------------+----------+-----
Polearms       | 2 |  2.6
Throwing       | 2 |  2.6
Spellcasting   | 2 |  2.6
Fighting       | |  2.0
Hexes          | |  5.7

Action                     |  1- 3 |  4- 6 || total
---------------------------+-------+-------++-------
  Melee: Spear             |   120 |     3 ||   123
         Headbutt          |     9 |       ||     9
    Use: Potion            |     1 |       ||     1
 Armour: Leather armour    |    14 |       ||    14
         Chain mail        |    12 |     1 ||    13
         Ring mail         |     6 |       ||     6
  Dodge: Dodged            |    47 |       ||    47

Table legend: (Time is in decaauts)
 A = Elapsed time spent in this place.
 B = Non-inter-level travel time spent in this place.
 C = Inter-level travel time spent in this place.
 D = Time resting spent in this place.
 E = Time spent auto-exploring this place.
 F = Levels seen in this place.
 G = Mean time per level.
                   A        B        C        D        E       F      G
               +--------+--------+--------+--------+--------+-----+--------+
         Total |   1763 |   1706 |     57 |    348 |   1021 |   3 |  587.7 |
       Dungeon |   1763 |   1706 |     57 |    348 |   1021 |   3 |  587.7 |
               +--------+--------+--------+--------+--------+-----+--------+

Top non-repeatable levels by time:
     D:2: 876 daAuts
     D:1: 710 daAuts
     D:3: 176 daAuts
